 Dungeon Crawl Stone Soup version 0.31-a0-229-g1fc7ce93e2 (webtiles) character file.

Game seed: 15085849979283493646

106 qw the Shooter (level 4, -1/36 HPs)
             Began as a Minotaur Hexslinger on July 6, 2023.
             Killed from afar by an orc wizard (8 damage)
             ... with a puff of flame
             ... on level 2 of the Dungeon.
             The game lasted 00:00:53 (2007 turns).

qw the Shooter (Minotaur Hexslinger)                Turns: 2007, Time: 00:00:53

Health: -1/36      AC:  6    Str: 12    XL:     4   Next: 55%
Magic:  4/4        EV: 12    Int: 10    God:
Gold:   140        SH:  0    Dex: 15    Spells: 4/5 levels left

rFire   . . .        Y - +2 sling
rCold   . . .        (no shield)
rNeg    . . .        g - +3 leather armour
rPois   .            (helmet restricted)
rElec   .            (no cloak)
rCorr   .            (no gloves)
SInv    .            (no boots)
Will    .....        (no amulet)
Stlth   +            (no ring)
HPRegen 0.26/turn    (no ring)
MPRegen 0.09/turn

%: no passive effects
@: confused, lethally poisoned (-1 -> -9)
A: horns 2, retaliatory headbutt
a: no special abilities


You were on level 2 of the Dungeon.
You visited 1 branch of the dungeon, and saw 3 of its levels.

You collected 140 gold pieces.


Innate Abilities, Weirdness & Mutations

You have a pair of horns on your head.
You reflexively headbutt those who attack you in melee.


   Skills:
 - Level 2.0 Fighting
 + Level 4.9 Ranged Weapons
 - Level 1.1 Armour
 - Level 2.1 Dodging
 - Level 1.0 Spellcasting
 - Level 2.0 Hexes


You had 4 spell levels left.
You knew the following spells:

 Your Spells              Type           Power      Damage    Failure   Level
a - Slow                  Hex            16%        N/A       19%         1

Your spell library contained the following spells:

 Spells                   Type           Power      Damage    Failure   Level
 Inner Flame              Hex/Fire       2%         N/A       65%         3
 Portal Projectile        Hex/Tloc       4%         N/A       65%         3
 Cause Fear               Hex            2%         N/A       88%         4

Inventory:

Hand Weapons
 Y - a +2 sling (weapon)
Armour
 g - a +3 leather armour (worn)
Potions
 c - a potion of curing {unknown}
 e - a potion of heal wounds {unknown}
 f - a potion of degeneration {unknown}
 h - a potion of cancellation {unknown}
 i - a potion of attraction {unknown}

Dungeon Overview and Level Annotations

Branches:
Dungeon (3/15)

Altars:


Message History

The orc wizard is almost dead.
The orc wizard hits you but does no damage.
You are poisoned.
You shoot a sling bullet.
The sling bullet hits the orc wizard but does no damage.
The orc wizard is almost dead.
You feel very sick.
The orc wizard hits you but does no damage.
You are more poisoned.
You shoot a sling bullet. The sling bullet misses the orc wizard.
You feel very sick. The orc wizard closely misses you.
2001 ||| STAIRDANCE You feel very sick.
The orc wizard barely misses you.
You climb upwards.
You feel very sick.
There is a stone staircase leading down here.
You shoot a sling bullet.
The sling bullet closely misses the orc wizard.
You feel sick.
The orc wizard points at you and mumbles some strange words.
The magic dart hits you.
You shoot a sling bullet.
The sling bullet barely misses the orc wizard.
You feel sick.
The orc wizard gestures at you while chanting.
You are confused.
The orc wizard hits you with a +1 dagger of venom.
You are more poisoned.
You feel sick.
The orc wizard hits you with a +1 dagger of venom.
You are lethally poisoned!
You feel very sick.
The orc wizard gestures at you while chanting.
You are more confused.
You feel sick.
The orc wizard points at you and mumbles some strange words.
The puff of flame hits you!
You die...

.#...#.#.####..#..(#.##.........#
.......#.# #..##.##.###.......##
###..###.# #....###.# ##.....##
#~#..# #.# #.##.# #.# ##...##
###..###.# #.##.###.# ##+##
......<..# #........######.#
####.##### ####.#..........# ##
#.# #o#.#######..## #. #.# #@#.#
##...###. #.# #[#.######.....##.
####.# #.[.....###...###. .....#
###............... ######
##########.####. #.# ## #.# #.#
#.#


You could see an orc wizard.

Vanquished Creatures
  3 adders
  3 worms (D:2)
  2 orcs (D:2)
  7 endoplasms
  5 giant cockroaches (D:1)
  2 goblins
  6 hobgoblins (D:1)
  10 jackals (D:1)
  3 quokkas
  3 ball pythons (D:1)
  4 bats (D:1)
  A frilled lizard (D:1)
  3 kobolds
  10 rats
62 creatures vanquished.

Notes
Turn   | Place    | Note
-------+----------+-------------------------------------------
     0 | D:1      | qw the Minotaur Hexslinger began the quest for the Orb.
     0 | D:1      | Reached XP level 1. HP: 16/16 MP: 1/1
     0 | D:1      | 0 ||| qw: Version: 0.3-a-46-gb1f654a
     0 | D:1      | 0 ||| qw: Game counter: 1259
     0 | D:1      | 0 ||| qw: Melee chars always use a shield: true
     0 | D:1      | 0 ||| qw: God list: Okawaru
     0 | D:1      | 0 ||| qw: Allow faded altars: false
     0 | D:1      | 0 ||| qw: Do Orc after clearing Dungeon:15 true
     0 | D:1      | 0 ||| qw: Do second Lair branch before Depths: true
     0 | D:1      | 0 ||| qw: Lair rune preference: random
     0 | D:1      | 0 ||| qw: Goals: Normal
     0 | D:1      | 0 ||| PLANNING D:1-11
   119 | D:1      | 119 ||| Stepping ~*~*~tactically~*~*~ (outnumbered).
   121 | D:1      | Reached skill level 3 in Ranged Weapons
   121 | D:1      | Reached XP level 2. HP: 22/23 MP: 2/2
   136 | D:1      | HP: 6/24 [hobgoblin (4)]
   139 | D:1      | 139 ||| FLEEEEING.
   140 | D:1      | 140 ||| FLEEEEING.
   141 | D:1      | 141 ||| FLEEEEING.
   142 | D:1      | 142 ||| FLEEEEING.
   143 | D:1      | 143 ||| FLEEEEING.
   144 | D:1      | 144 ||| FLEEEEING.
   145 | D:1      | 145 ||| FLEEEEING.
   146 | D:1      | 146 ||| FLEEEEING.
   147 | D:1      | 147 ||| FLEEEEING.
   148 | D:1      | 148 ||| FLEEEEING.
   149 | D:1      | 149 ||| FLEEEEING.
   150 | D:1      | 150 ||| FLEEEEING.
   152 | D:1      | 152 ||| FLEEEEING.
   256 | D:1      | Found a faded altar of an unknown god.
   260 | D:1      | Reached XP level 3. HP: 27/29 MP: 3/3
   449 | D:1      | Reached skill level 4 in Ranged Weapons
   636 | D:1      | 636 ||| UPGRADING to +0 ring mail.
   646 | D:1      | 646 ||| DROPPING +0 robe.
   647 | D:1      | 647 ||| READING scroll labelled RUESHR TONKIPPOR.
   648 | D:1      | 648 ||| READING scroll labelled UKKEOMN FAUGIA.
   649 | D:1      | 649 ||| READING scroll labelled BOTSYPH WOIR.
   653 | D:1      | 653 ||| READING scroll labelled ORPHOI KOPTALIW.
   654 | D:1      | 654 ||| READING scroll labelled YTOHAWN YJAYSCH.
   655 | D:1      | 655 ||| DROPPING scroll of poison.
   674 | D:2      | 674 ||| STAIRDANCE
   684 | D:1      | Reached skill level 1 in Armour
   685 | D:1      | Reached XP level 4. HP: 20/36 MP: 4/4
  1558 | D:2      | 1558 ||| UPGRADING to +3 leather armour.
  1568 | D:2      | 1568 ||| DROPPING +0 ring mail.
  1569 | D:2      | 1569 ||| READING scroll labelled IVEANW GE YKU.
  1633 | D:2      | 1633 ||| READING scroll labelled KIFEON HEMYXA.
  1634 | D:2      | 1634 ||| READING scroll labelled BENAIN WIGA.
  1674 | D:3      | 1674 ||| STAIRDANCE
  1680 | D:2      | HP: 9/36 [orc/+0 trident (3)]
  1681 | D:2      | 1681 ||| READING scroll of teleportation.
  1836 | D:3      | 1836 ||| STAIRDANCE
  1841 | D:3      | HP: 9/36 [frozen (4)]
  1842 | D:3      | 1842 ||| STAIRDANCE
  1968 | D:3      | 1968 ||| STAIRDANCE
  2001 | D:3      | 2001 ||| STAIRDANCE
  2006 | D:2      | HP: 8/36 [poisoned by an orc wizard]
  2007 | D:2      | Killed from afar by an orc wizard

Levels and vault maps discovered:
D:1:      dpeg_arrival_prison, layout_rooms, ebering_ecumenical_altar_ruins
D:2:      layout_loops_corners, minmay_misc_feat_tiny, feat_on_display
D:3:      layout_basic, okawaru_trees_1, minmay_pentomino_pile

Skill      XL: |  1  2  3 |
---------------+----------+-----
Ranged Weapons | 3 4 |  4.9
Fighting       | 2 |  2.0
Armour         | 1 |  1.1
Dodging        | |  2.1
Spellcasting   | |  1.0
Hexes          | |  2.0

Action                     |  1- 3 |  4- 6 || total
---------------------------+-------+-------++-------
   Fire: Sling             |   118 |    82 ||   200
    Use: Scroll            |     5 |     4 ||     9
 Armour: Robe              |    14 |       ||    14
         Ring mail         |    19 |     7 ||    26
         Leather armour    |       |    13 ||    13
  Dodge: Dodged            |    85 |    30 ||   115

Table legend:
 A = Non-vault XP
 B = Vault XP
 C = Vault XP percentage of total XP
 D = Non-vault monster count
 E = Vault monster count
 F = Vault count percentage of total count
                 A         B        C        D         E       F
            +---------+---------+-------+---------+---------+-------
      Total |     143 |       9 |   5.9 |      57 |       5 |   8.1
            +---------+---------+-------+---------+---------+-------
        D:1 |      94 |       5 |   5.1 |      42 |       3 |   6.7
        D:2 |      49 |       4 |   7.5 |      15 |       2 |  11.8
            +---------+---------+-------+---------+---------+-------
